[Event "Titled Tuesday Blitz November 29 Early 2022"]
[White "Fernandez Siles, Luis"]
[Black "Cardoso Cardoso, Jose Gabriel"]
[WhiteFideId "2209420"]
[BlackFideId "4430492"]
[WhiteElo "2186"]
[BlackElo "2484"]
[Result "0-1"]
[Round "05"]
[TimeControl "180+1"]
[Date "2022.11.30"]
[WhiteClock "0:00:08"]
[BlackClock "0:00:14"]

1. d4 g6 2. c4 Bg7 3. Nf3 d6 4. Nc3 Nd7 5. e4 e5 6. Be2 Ne7 7. O-O O-O 8. Rb1 exd4 9. Nxd4 Nc6 10. Be3 Re8 11. f4 Nc5 12. Bf3 Bd7 13. Nxc6 Bxc6 14. e5 Nd7 15. Bxc6 bxc6 16. Qf3 dxe5 17. Qxc6 exf4 18. Bxf4 Ne5 19. Bxe5 Bxe5 20. Nd5 Re6 21. Qb7 a5 22. Rbe1 Rb8 23. Qa7 Rxb2 24. Kh1 Qh4 0-1


[Site "https://www.chess.com"]

[Event "Titled Tuesday Blitz November 29 Early 2022"]
[White "Firouzja, Alireza"]
[Black "Lenderman, Aleksandr"]
[WhiteFideId "12573981"]
[BlackFideId "2021285"]
[WhiteElo "3138"]
[BlackElo "2931"]
[Result "1-0"]
[Round "05"]
[TimeControl "180+1"]
[Date "2022.11.30"]
[WhiteClock "0:00:25"]
[BlackClock "0:00:01"]

1. d4 d5 2. Nc3 Nf6 3. Bf4 c5 4. e3 cxd4 5. exd4 a6 6. Nf3 Bg4 7. h3 Bxf3 8. Qxf3 Nc6 9. O-O-O e6 10. Kb1 Bd6 11. Be3 Rc8 12. g4 Na5 13. g5 Nd7 14. Bc1 O-O 15. h4 Nc4 16. Bd3 Qa5 17. Ne2 Rc6 18. h5 Rfc8 19. g6 f5 20. h6 hxg6 21. hxg7 Nf6 22. Rdg1 Kf7 23. Rh6 Ne4 24. Bxc4 Rxc4 25. Rhxg6 Rxc2 26. g8=Q+ Rxg8 27. Kxc2 Rxg6 28. Qh5 Qa4+ 29. Kb1 Nd2+ 30. Bxd2 1-0


[Site "https://www.chess.com"]

[Event "Titled Tuesday Blitz November 29 Early 2022"]
[White "Flis, Pawel"]
[Black "Van Osch, Mees"]
[WhiteFideId "1112864"]
[BlackFideId "1035967"]
[WhiteElo "1817"]
[BlackElo "2324"]
[Result "0-1"]
[Round "05"]
[TimeControl "180+1"]
[Date "2022.11.30"]
[WhiteClock "0:00:13"]
[BlackClock "0:01:35"]

1. e4 c6 2. d4 d5 3. Nc3 dxe4 4. Nxe4 Nf6 5. Nxf6+ exf6 6. Bd3 Qxd4 7. Nf3 Qd8 8. O-O Be7 9. Qe2 O-O 10. Re1 Bd6 11. Bd2 Bg4 12. h3 Bh5 13. Rad1 Qc7 14. Bc3 Nd7 15. g4 Bg6 16. Bxg6 hxg6 17. Qd3 Ne5 18. Nxe5 Bxe5 19. Bxe5 fxe5 20. Qd7 Qb6 21. b3 Rad8 22. Qe7 Qa5 23. Qxb7 Qxa2 24. Rxd8 Rxd8 25. Rxe5 Qa1+ 26. Kg2 Qxe5 0-1


[Site "https://www.chess.com"]

[Event "Titled Tuesday Blitz November 29 Early 2022"]
[White "Forgacs, Attila Jr."]
[Black "Principe, Gerson"]
[WhiteFideId "773654"]
[BlackFideId "3804550"]
[WhiteElo "2168"]
[BlackElo "2280"]
[Result "0-1"]
[Round "05"]
[TimeControl "180+1"]
[Date "2022.11.30"]
[WhiteClock "0:00:02"]
[BlackClock "0:00:12"]

1. e4 c5 2. d3 Nc6 3. g3 d5 4. Nd2 Nf6 5. Bg2 e6 6. f4 Be7 7. Ngf3 O-O 8. e5 Nd7 9. c3 f6 10. exf6 Bxf6 11. O-O e5 12. fxe5 Ndxe5 13. Nxe5 Nxe5 14. Nf3 Nc6 15. Bf4 Be6 16. Qd2 Qd7 17. Rae1 Rae8 18. d4 cxd4 19. Nxd4 Nxd4 20. cxd4 Bf5 21. Be5 Be4 22. Bxf6 gxf6 23. Bxe4 dxe4 24. d5 f5 25. d6 Re6 26. Qd5 Qxd6 27. Rxf5 Qb6+ 28. Kh1 Rd8 29. Rg5+ Kh8 30. Qc4 e3 31. Qc3+ Qd4 32. Rd1 e2 33. Re1 Qxc3 34. bxc3 Rd1 35. Rxd1 exd1=Q+ 0-1


[Site "https://www.chess.com"]

[Event "Titled Tuesday Blitz November 29 Early 2022"]
[White "Georg, Heinz"]
[Black "Tsukerman, Julia"]
[WhiteFideId "4607295"]
[BlackFideId "2621649"]
[WhiteElo "2322"]
[BlackElo "1667"]
[Result "1-0"]
[Round "05"]
[TimeControl "180+1"]
[Date "2022.11.30"]
[WhiteClock "0:01:07"]
[BlackClock "0:00:01"]

1. e4 c5 2. Nf3 d6 3. Bb5+ Nd7 4. O-O a6 5. Be2 Ngf6 6. d3 e6 7. c4 Be7 8. Nc3 Rb8 9. b3 O-O 10. Bb2 b6 11. d4 cxd4 12. Nxd4 Bb7 13. Bd3 Nc5 14. f3 Nxd3 15. Qxd3 d5 16. cxd5 exd5 17. e5 Nd7 18. f4 Bc5 19. Rad1 Re8 20. Rfe1 Qh4 21. g3 Qh3 22. Na4 Rbc8 23. a3 Re6 24. b4 Bxd4+ 25. Bxd4 Rh6 26. Re2 Bc6 27. Nc3 Nf8 28. f5 a5 29. b5 Bb7 30. Bxb6 Rxb6 31. a4 Qg4 32. Qe3 Qc4 33. Qxb6 Qxc3 34. Qxb7 d4 35. e6 fxe6 36. fxe6 d3 37. Qf7+ Kh8 38. e7 Qc5+ 39. Rf2 Ng6 40. e8=Q+ 1-0


[Site "https://www.chess.com"]

[Event "Titled Tuesday Blitz November 29 Early 2022"]
[White "Gheorghiu, Calin"]
[Black "Urazayev, Arystanbek"]
[WhiteFideId "1200305"]
[BlackFideId "13709810"]
[WhiteElo "2225"]
[BlackElo "2441"]
[Result "0-1"]
[Round "05"]
[TimeControl "180+1"]
[Date "2022.11.30"]
[WhiteClock "0:00:02"]
[BlackClock "0:00:51"]

1. d4 Nf6 2. c4 g6 3. Nc3 Bg7 4. e4 d6 5. Nf3 O-O 6. Be2 e5 7. Be3 exd4 8. Nxd4 Re8 9. f3 c6 10. Qd2 d5 11. cxd5 cxd5 12. exd5 Nxd5 13. Nxd5 Qxd5 14. Rd1 Nc6 15. Nxc6 bxc6 16. Qxd5 cxd5 17. Kf2 Bxb2 18. Rxd5 Be6 19. Ra5 Bc3 20. Rxa7 Rxa7 21. Bxa7 Ra8 22. Rc1 Be5 23. Be3 Bxh2 24. g3 Rxa2 25. Bf4 h5 26. Ke3 h4 27. Bc4 Ra3+ 28. Kf2 hxg3+ 29. Kg2 Ra4 30. Bxe6 Rxf4 31. Bd5 Rd4 32. Rc8+ Kg7 33. Bb3 Rd2+ 34. Kh3 Rd3 35. Bc4 Rxf3 36. Rc7 Rf4 0-1


[Site "https://www.chess.com"]

[Event "Titled Tuesday Blitz November 29 Early 2022"]
[White "Ginzburg, Yakov"]
[Black "Jaskolka, Tomasz"]
[WhiteFideId "4157176"]
[BlackFideId "1170791"]
[WhiteElo "2305"]
[BlackElo "2126"]
[Result "1-0"]
[Round "05"]
[TimeControl "180+1"]
[Date "2022.11.30"]
[WhiteClock "0:01:12"]
[BlackClock "0:00:43"]

1. e4 Nf6 2. e5 Nd5 3. c4 Nb6 4. c5 Nd5 5. Nc3 Nxc3 6. dxc3 e6 7. Bd3 Bxc5 8. Qg4 g6 9. Bh6 f5 10. exf6 Qxf6 11. Nf3 Nc6 12. O-O-O d6 13. h4 e5 14. Qg3 Bf5 15. Bc4 O-O-O 16. Bg5 Qg7 17. Bxd8 Rxd8 18. h5 Qh6+ 19. Qg5 Qxg5+ 20. Nxg5 Bxf2 21. Be6+ Kb8 22. Bxf5 gxf5 23. Nxh7 e4 24. Kd2 Ne5 25. Ke2 Bb6 26. Nf6 Rf8 27. h6 Ng6 28. h7 Nh8 29. Nd7+ 1-0


[Site "https://www.chess.com"]

[Event "Titled Tuesday Blitz November 29 Early 2022"]
[White "Girel, Joseph"]
[Black "Kuznetsov, Mikhail"]
[WhiteFideId "36033561"]
[BlackFideId "4117190"]
[WhiteElo "2281"]
[BlackElo "1981"]
[Result "1-0"]
[Round "05"]
[TimeControl "180+1"]
[Date "2022.11.30"]
[WhiteClock "0:00:29"]
[BlackClock "0:00:02"]

1. e4 c6 2. d4 d5 3. e5 Bf5 4. h4 h5 5. Bg5 Qb6 6. Bd3 Qxd4 7. Nf3 Qg4 8. Bxf5 Qxf5 9. O-O e6 10. c4 Be7 11. Qb3 b6 12. cxd5 exd5 13. Nc3 Bxg5 14. hxg5 Ne7 15. Nd4 Qxg5 16. f4 Qg4 17. Rae1 O-O 18. e6 Na6 19. Qa3 Nc5 20. b4 Nd3 21. Nxd5 Nxd5 22. Qxd3 Nxf4 23. Qe4 Nh3+ 24. Kh2 Qxe4 25. Rxe4 Ng5 26. Re5 Nxe6 27. Nxc6 g6 28. Rd1 Kg7 29. Rd7 Kf6 30. Re1 Rac8 31. Rf1+ Kg7 32. Ne5 Rc7 33. Rd6 Ng5 34. b5 Ne4 35. Rd4 Nc5 36. a4 a6 37. Rdf4 f6 38. Nc4 axb5 39. axb5 Rb7 40. Rd4 Re8 41. Nd6 Ree7 42. Nxb7 Nxb7 43. Rc1 Nc5 44. Rd6 Rb7 45. Rf1 Ne4 46. Re6 f5 47. Rc1 Nc5 48. Rc6 Kf7 49. Rd1 Ne4 50. Rd8 Nf6 51. Rdd6 Ng4+ 52. Kg3 Ne5 53. Rc8 Kg7 54. Kf4 Nf7 55. Rdc6 1-0


[Site "https://www.chess.com"]

[Event "Titled Tuesday Blitz November 29 Early 2022"]
[White "Gjestemoen-VonHirsch, Andre"]
[Black "Makhmudov, Shukhrat"]
[WhiteFideId "1539531"]
[BlackFideId "14200775"]
[WhiteElo "2198"]
[BlackElo "2135"]
[Result "0-1"]
[Round "05"]
[TimeControl "180+1"]
[Date "2022.11.30"]
[WhiteClock "0:00:03"]
[BlackClock "0:00:08"]

1. b3 e5 2. Bb2 Nc6 3. e3 a6 4. c4 Nf6 5. Nc3 d5 6. cxd5 Nxd5 7. a3 Be6 8. Nf3 Be7 9. Rc1 Bf6 10. Ne4 Be7 11. Nxe5 Nxe5 12. Bxe5 Bxa3 13. Bxg7 Rg8 14. Ra1 Bb4 15. Bb2 Nxe3 16. fxe3 Qh4+ 17. Nf2 O-O-O 18. g3 Rxd2 19. Qxd2 Bxd2+ 20. Kxd2 Qb4+ 21. Bc3 Rd8+ 22. Bd3 Qb6 23. Ke2 Qc6 24. Rhc1 Qg2 25. Be4 Bg4+ 26. Bf3 Bxf3+ 27. Ke1 Qg1# 0-1


[Site "https://www.chess.com"]

[Event "Titled Tuesday Blitz November 29 Early 2022"]
[White "Godzwon, Iwo"]
[Black "Szyszylo, Rafal"]
[WhiteFideId "21802483"]
[BlackFideId "1109626"]
[WhiteElo "2284"]
[BlackElo "1981"]
[Result "1/2-1/2"]
[Round "05"]
[TimeControl "180+1"]
[Date "2022.11.30"]
[WhiteClock "0:00:06"]
[BlackClock "0:00:04"]

1. e4 d6 2. d4 Nf6 3. Nc3 g6 4. f4 Bg7 5. Nf3 O-O 6. Be3 Nc6 7. Qd2 e5 8. fxe5 dxe5 9. d5 Nd4 10. Nxe5 c5 11. Nf3 Ng4 12. Bg1 Nxf3+ 13. gxf3 Qh4+ 14. Bf2 Nxf2 15. Qxf2 Qf4 16. Ne2 Qf6 17. c3 Bh6 18. Bg2 b5 19. Qxc5 Rb8 20. O-O b4 21. f4 Ba6 22. e5 Qh4 23. Qf2 Qg4 24. h3 Qxe2 25. Rad1 bxc3 26. bxc3 Rb2 27. Qxe2 Bxe2 28. Rf2 Rxa2 29. Rd4 Ra1+ 30. Kh2 Bb5 31. d6 Bd7 32. c4 Rc1 33. Bd5 Rc8 34. Ra2 a5 35. Rxa5 Rc2+ 36. Kg1 Rb8 37. Ra1 Rbb2 38. Rf1 Be6 39. Rfd1 Bxd5 40. cxd5 Rg2+ 41. Kf1 Rbf2+ 42. Ke1 Re2+ 43. Kf1 Ref2+ 44. Ke1 Re2+ 45. Kf1 Ref2+ 1/2-1/2


[Site "https://www.chess.com"]

[Event "Titled Tuesday Blitz November 29 Early 2022"]
[White "Gonzalez, Francisco Silva"]
[Black "Averjanov, Alexey"]
[WhiteFideId "1512285"]
[BlackFideId "14109867"]
[WhiteElo "2159"]
[BlackElo "2620"]
[Result "0-1"]
[Round "05"]
[TimeControl "180+1"]
[Date "2022.11.30"]
[WhiteClock "0:00:34"]
[BlackClock "0:00:23"]

1. d4 d5 2. c4 dxc4 3. e4 Nf6 4. e5 Nd5 5. Bxc4 Nb6 6. Bd3 Nc6 7. Ne2 Nb4 8. Be4 N4d5 9. Nbc3 Be6 10. O-O Qd7 11. a4 a5 12. Nf4 Nxf4 13. Bxf4 c6 14. Be3 g6 15. Bd3 Bg7 16. Ne4 Nd5 17. Nc5 Qc8 18. Qc1 O-O 19. Nxe6 Qxe6 20. Bc4 Rfd8 21. Ra3 Rd7 22. Rb3 Rad8 23. h3 Qf5 24. Bxd5 cxd5 25. Qc5 f6 26. exf6 Bxf6 27. Qxa5 Rc8 28. Rc3 Rxc3 29. bxc3 Qd3 30. Qc5 Kf7 31. Qc8 Rd6 32. Bh6 Rc6 33. Qf8+ Ke6 34. Re1+ Kd7 35. Qb8 Qxc3 36. Qxb7+ Ke8 37. Rc1 Qxc1+ 38. Bxc1 Rxc1+ 39. Kh2 Bxd4 40. Qxd5 Bxf2 41. Qa8+ Kd7 42. Qd5+ Ke8 43. Qa8+ Kd7 44. Qf3 Bc5 45. Qg4+ e6 46. Kg3 Rc3+ 47. Kh4 Be7+ 48. Qg5 Bxg5+ 49. Kxg5 Rg3+ 50. Kh6 Rxg2 51. Kxh7 Ke7 52. h4 Kf6 53. Kh6 Rg4 54. Kh7 Rxh4+ 55. Kg8 Rxa4 56. Kh7 Rh4+ 57. Kg8 Rh5 0-1


[Site "https://www.chess.com"]

[Event "Titled Tuesday Blitz November 29 Early 2022"]
[White "Gorodetzky, David"]
[Black "Dubov, Daniil"]
[WhiteFideId "2813416"]
[BlackFideId "24126055"]
[WhiteElo "2862"]
[BlackElo "3056"]
[Result "0-1"]
[Round "05"]
[TimeControl "180+1"]
[Date "2022.11.30"]
[WhiteClock "0:00:04"]
[BlackClock "0:00:05"]

1. e4 c5 2. c3 g6 3. d4 cxd4 4. cxd4 d5 5. e5 Nc6 6. Nc3 Nh6 7. h3 Bg7 8. g4 f6 9. f4 O-O 10. Bg2 fxe5 11. fxe5 Qb6 12. Nf3 Nf7 13. Na4 Qa6 14. Be3 b6 15. Rc1 Ncd8 16. Nc3 Be6 17. Qe2 Qxe2+ 18. Nxe2 Rc8 19. Kd2 Bd7 20. Rxc8 Bxc8 21. Rc1 Ne6 22. Ne1 Bb7 23. Nd3 Rd8 24. Nef4 Nfg5 25. h4 Ne4+ 26. Bxe4 Nxf4 27. Nxf4 dxe4 28. Rc7 Bc8 29. Rxe7 Bxg4 30. Kc3 Rc8+ 31. Kb3 Bd1+ 32. Ka3 Bf8 33. Nd5 Rd8 0-1


[Site "https://www.chess.com"]

[Event "Titled Tuesday Blitz November 29 Early 2022"]
[White "Grapsa, Georgia"]
[Black "Begunov, Konstantin"]
[WhiteFideId "4206436"]
[BlackFideId "4118510"]
[WhiteElo "1877"]
[BlackElo "2140"]
[Result "1-0"]
[Round "05"]
[TimeControl "180+1"]
[Date "2022.11.30"]
[WhiteClock "0:00:16"]
[BlackClock "0:00:11"]

1. e4 c5 2. b3 d5 3. exd5 Qxd5 4. Nc3 Qd8 5. Bb2 Nf6 6. Bb5+ Bd7 7. Bxd7+ Qxd7 8. Qf3 Nc6 9. Nge2 g6 10. O-O-O Bg7 11. d3 O-O 12. h4 Qg4 13. Qe3 b6 14. f3 Qd7 15. g4 Nd4 16. Ng3 Nd5 17. Nxd5 Qxd5 18. Qe4 Rad8 19. Rhf1 Qd6 20. Rg1 Qf6 21. c3 Ne6 22. g5 Qf4+ 23. Kc2 Qxe4 24. fxe4 Nf4 25. Bc1 Ne6 26. Ne2 Rd7 27. Nf4 Nxf4 28. Bxf4 Rfd8 29. Rg2 e5 30. Be3 Rd6 31. a3 Rf8 32. b4 cxb4 33. axb4 f5 34. gxf6 Rdxf6 35. d4 Rf3 36. Rd3 Rc8 37. d5 Bf8 38. Rgd2 Bxb4 39. Kb3 Bd6 40. c4 Rf7 41. Bg5 Rfc7 42. Rc2 b5 43. Rdc3 bxc4+ 44. Rxc4 Rxc4 45. Rxc4 Rxc4 46. Kxc4 Kf7 47. Kb5 Ke8 48. Be3 Bb8 49. Ka6 Kd7 50. Bxa7 1-0


[Site "https://www.chess.com"]

[Event "Titled Tuesday Blitz November 29 Early 2022"]
[White "Guzman, Christopher"]
[Black "Papasimakopoulos, Alexandros"]
[WhiteFideId "6405096"]
[BlackFideId "4244125"]
[WhiteElo "2272"]
[BlackElo "2365"]
[Result "0-1"]
[Round "05"]
[TimeControl "180+1"]
[Date "2022.11.30"]
[WhiteClock "0:01:43"]
[BlackClock "0:00:06"]

1. e4 e6 2. d4 d5 3. exd5 exd5 4. Nf3 Bg4 5. Bd3 Nc6 6. c3 Bd6 7. O-O Nge7 8. Be3 Qd7 9. Nbd2 Bf5 10. Bxf5 Qxf5 11. Re1 f6 12. Nf1 h5 13. Ng3 Qd7 14. b4 h4 15. Nf1 O-O-O 16. a4 Rde8 17. a5 Nd8 18. Rb1 c6 19. Qd3 a6 20. c4 Bc7 21. Rec1 Nf7 22. N3d2 Nd6 23. cxd5 Nxd5 24. Nc4 Nxc4 25. Qxc4 h3 26. g3 Qf5 27. Qe2 Nc3 28. Rxc3 Qxb1 29. d5 Qe4 30. f3 Qxd5 31. Rd3 Qe6 32. Qf2 Rd8 33. Rc3 Rhe8 34. Nd2 Qa2 35. Nf1 Qa1 36. Rc1 Qa3 37. Rb1 Qd3 38. Rc1 Rd7 39. Bc5 Re2 40. Rc3 Rxf2 41. Rxd3 Rg2+ 0-1


[Site "https://www.chess.com"]

[Event "Titled Tuesday Blitz November 29 Early 2022"]
[White "Hansen, Eric"]
[Black "Zivkovic, Nemanja"]
[WhiteFideId "2606771"]
[BlackFideId "942154"]
[WhiteElo "2981"]
[BlackElo "2709"]
[Result "1-0"]
[Round "05"]
[TimeControl "180+1"]
[Date "2022.11.30"]
[WhiteClock "0:00:09"]
[BlackClock "0:00:26"]

1. e4 c5 2. Nf3 d6 3. Bb5+ Nd7 4. a4 a6 5. Bxd7+ Bxd7 6. O-O Nf6 7. e5 dxe5 8. Nxe5 Rc8 9. a5 g6 10. Qf3 Bc6 11. Nxc6 Rxc6 12. d3 Bg7 13. Nd2 O-O 14. Nc4 Nd5 15. Bd2 Re8 16. Rfe1 Nb4 17. Bxb4 cxb4 18. Ra4 Bd4 19. Re2 Rf6 20. Qxb7 Bxf2+ 21. Kh1 Bc5 22. Ra1 Qd4 23. Qe4 Qd7 24. Ne5 Qd6 25. Qc4 Kg7 26. Nf3 Rf4 27. Re4 Rf5 28. Rae1 e6 29. Re5 Rc8 30. Rxf5 gxf5 31. Qh4 h6 32. h3 Bd4 33. Qxd4+ Qxd4 34. Nxd4 Rd8 35. Nf3 Rd5 36. Ra1 Rb5 37. Ne1 Kf6 38. Kg1 Ke5 39. Kf2 Kd4 40. Ke2 Re5+ 41. Kd2 Rc5 42. Nf3+ Kd5 43. Ra4 Rb5 44. c3 bxc3+ 45. Kxc3 Rc5+ 46. Kd2 Rb5 47. b4 e5 48. Kc3 e4 49. dxe4+ fxe4 50. Nd4 Rb8 51. Nb3 Rc8+ 52. Nc5 f5 53. Ra1 f4 54. Re1 Ke5 55. Rxe4+ Kf5 56. Re2 1-0


[Site "https://www.chess.com"]

[Event "Titled Tuesday Blitz November 29 Early 2022"]
[White "Herman, Daniel"]
[Black "Manelyuk, Daniil"]
[WhiteFideId "30935008"]
[BlackFideId "44173920"]
[WhiteElo "1897"]
[BlackElo "2209"]
[Result "0-1"]
[Round "05"]
[TimeControl "180+1"]
[Date "2022.11.30"]
[WhiteClock "0:00:09"]
[BlackClock "0:01:49"]

1. d4 Nf6 2. c4 c5 3. d5 b5 4. cxb5 a6 5. bxa6 g6 6. Nc3 Bg7 7. e4 O-O 8. Nf3 Qa5 9. Bd2 d6 10. Bd3 Bxa6 11. Bxa6 Qxa6 12. Qe2 Qxe2+ 13. Kxe2 Nbd7 14. a4 Rfb8 15. Rhb1 Rb4 16. a5 Nxe4 17. a6 Nxd2 18. Kxd2 Rb6 19. a7 Rb7 20. Kc2 Rbxa7 21. Rxa7 Rxa7 22. Re1 Nb6 23. Nd2 Bxc3 24. Kxc3 Nxd5+ 25. Kb3 Rb7+ 26. Kc2 Nf4 27. g3 Ne6 28. Nf3 Kg7 29. h4 h5 30. Ra1 Kf6 31. Ra6 Kf5 32. Nd2 Nd4+ 33. Kc1 Nb3+ 34. Nxb3 Rxb3 35. Ra7 Ke6 36. Kd1 Rxb2 37. Ke1 c4 38. Ra8 c3 39. Rc8 c2 40. Kd2 d5 41. Kc1 Ra2 42. Rc6+ Ke5 43. Rc3 d4 44. Rc7 e6 45. Rc6 d3 46. Kd2 Ra1 47. Kxd3 c1=Q 48. Rxc1 Rxc1 49. Ke3 Ra1 50. Kf3 Ra2 51. Kg2 Ke4 52. Kh3 Kf3 53. g4 hxg4+ 54. Kh2 Rxf2+ 55. Kh1 g3 56. h5 Rh2+ 57. Kg1 Rxh5 58. Kf1 Rh1# 0-1


[Site "https://www.chess.com"]

[Event "Titled Tuesday Blitz November 29 Early 2022"]
[White "Hoffmann, Asa"]
[Black "Ibarra Jerez, Jose Carlos"]
[WhiteFideId "2001470"]
[BlackFideId "2226332"]
[WhiteElo "2117"]
[BlackElo "2638"]
[Result "0-1"]
[Round "05"]
[TimeControl "180+1"]
[Date "2022.11.30"]
[WhiteClock "0:00:52"]
[BlackClock "0:01:27"]

1. d4 Nf6 2. Bg5 d5 3. Nd2 c5 4. e3 Nc6 5. c3 e5 6. Bb5 Qb6 7. Bxc6+ bxc6 8. dxe5 Nd7 9. Bf4 Qxb2 10. Ne2 Ba6 11. O-O Be7 12. a4 Qb7 13. Rb1 Qc8 14. c4 O-O 15. Qc2 Nb6 16. Ng3 Nxc4 17. Nxc4 Bxc4 18. Rfc1 Qe6 19. e4 Rab8 20. exd5 cxd5 21. Nf5 Rb4 22. Nxe7+ Qxe7 23. Be3 Rc8 24. Rxb4 cxb4 25. Bd4 a5 26. Qb2 Qe6 27. h3 h6 28. Qc3 bxc3 0-1


[Site "https://www.chess.com"]

[Event "Titled Tuesday Blitz November 29 Early 2022"]
[White "Hovhannisyan, Robert"]
[Black "Megalios, Konstantinos"]
[WhiteFideId "13302507"]
[BlackFideId "4238044"]
[WhiteElo "2570"]
[BlackElo "2277"]
[Result "1/2-1/2"]
[Round "05"]
[TimeControl "180+1"]
[Date "2022.11.30"]
[WhiteClock "0:00:08"]
[BlackClock "0:00:07"]

1. e4 c5 2. Nf3 Nc6 3. d4 cxd4 4. Nxd4 e5 5. Nb5 d6 6. N1c3 a6 7. Na3 Be7 8. Be3 Be6 9. Nc4 Nf6 10. Nb6 Rb8 11. Nbd5 O-O 12. Be2 Nd7 13. O-O Bg5 14. Bg4 Bxe3 15. Nxe3 Nf6 16. h3 Nd4 17. Qd3 Qd7 18. Bxe6 fxe6 19. Rad1 Rbc8 20. f3 Rc6 21. Ne2 Nxe2+ 22. Qxe2 Qc7 23. c4 Qb6 24. Qf2 Nxe4 25. Qe1 Ng3 26. Qxg3 Qxe3+ 27. Kh1 Qf4 28. Qxf4 Rxf4 29. b3 b5 30. cxb5 axb5 31. Rc1 Rxc1 32. Rxc1 b4 33. Kg1 Rd4 34. Rc7 h5 35. Re7 Rd2 36. h4 Rxa2 37. Rxe6 Rd2 38. Re8+ Kf7 39. Rh8 g6 40. Rb8 Rd4 41. g3 Ke6 42. Kf2 Kf5 43. Rf8+ Ke6 44. Rg8 Kf6 45. Rf8+ Ke6 46. Rg8 Kf7 47. Rb8 d5 48. Ke3 Rd1 49. Rxb4 Ke6 50. Rb8 Rb1 51. f4 exf4+ 52. Kxf4 d4 53. Ke4 Rg1 54. Rb6+ Kf7 55. Kf3 d3 56. Rd6 Rd1 57. Ke3 Rg1 58. Kf4 Rd1 59. Kg5 d2 60. Kh6 Rg1 61. Rxd2 Rxg3 62. Rb2 Rg4 63. b4 Rxh4 64. b5 Rd4 65. b6 Rd8 66. b7 Rb8 67. Rf2+ Ke6 68. Kxg6 Rxb7 69. Rf6+ Kd7 70. Rf7+ Kc6 71. Rxb7 Kxb7 72. Kxh5 1/2-1/2


[Site "https://www.chess.com"]

[Event "Titled Tuesday Blitz November 29 Early 2022"]
[White "Ilkhomi, Jaloliddin"]
[Black "Jiganchine, Roman"]
[WhiteFideId "14700948"]
[BlackFideId "2603667"]
[WhiteElo "2045"]
[BlackElo "2309"]
[Result "1/2-1/2"]
[Round "05"]
[TimeControl "180+1"]
[Date "2022.11.30"]
[WhiteClock "0:01:24"]
[BlackClock "0:02:10"]

1. d4 d5 2. Bf4 Nf6 3. e3 e6 4. Nd2 c5 5. Ngf3 Nc6 6. c3 Bd6 7. Bg3 O-O 8. Bd3 Qe7 9. Ne5 Nd7 10. Nxd7 Qxd7 11. Bxd6 Qxd6 12. dxc5 Qxc5 13. Bxh7+ Kxh7 14. Qh5+ Kg8 15. Ne4 g6 16. Qg5 Qe7 17. Nf6+ Kg7 18. Nh5+ Kg8 19. Nf6+ Kg7 20. Nh5+ Kh7 21. Nf6+ Kg7 1/2-1/2


[Site "https://www.chess.com"]

[Event "Titled Tuesday Blitz November 29 Early 2022"]
[White "Indjic, Aleksandar"]
[Black "Kleiman, Jake"]
[WhiteFideId "911925"]
[BlackFideId "2020041"]
[WhiteElo "2592"]
[BlackElo "2629"]
[Result "1-0"]
[Round "05"]
[TimeControl "180+1"]
[Date "2022.11.30"]
[WhiteClock "0:00:16"]
[BlackClock "0:00:02"]

1. d4 Nf6 2. Nc3 d5 3. Bf4 e6 4. Nb5 Bd6 5. Nxd6+ cxd6 6. e3 O-O 7. h3 Nc6 8. c3 h6 9. Bd3 e5 10. Bh2 Re8 11. Ne2 Be6 12. Rc1 Qd7 13. Bb1 Bf5 14. O-O Bxb1 15. Rxb1 Rac8 16. Rc1 a6 17. Qd3 b5 18. b3 Qe6 19. Rc2 Re7 20. Rfc1 Rec7 21. a3 Na5 22. Rb2 Kf8 23. Rd1 Kg8 24. Bg3 Ne4 25. dxe5 dxe5 26. Qxd5 Qxd5 27. Rxd5 Nxc3 28. Nxc3 Rxc3 29. a4 Rxb3 30. Rxb3 Nxb3 31. axb5 axb5 32. Rxb5 Nd2 33. h4 f6 34. Rd5 Ne4 35. Kh2 Rc2 36. f3 Nd2 37. Kh3 Nf1 38. Rd3 Re2 39. e4 Ne3 40. Bf2 Nc4 41. Rd8+ Kh7 42. Bc5 h5 43. Rd7 Kg8 44. Rd8+ Kf7 45. Rf8+ Kg6 46. Rc8 Nd2 47. Rc7 f5 48. Rc6+ Kh7 49. exf5 Nb3 50. Bb6 e4 51. Kg3 exf3 52. gxf3 Re5 53. Kf4 Rb5 54. Be3 Rb4+ 55. Kg5 Rb5 56. Rc7 Na5 57. Bd4 Kh8 58. Rxg7 Nc6 59. Bf6 1-0


[Site "https://www.chess.com"]

[Event "Titled Tuesday Blitz November 29 Early 2022"]
[White "Ivic, Velimir"]
[Black "Cappelletto, Joshuaede"]
[WhiteFideId "950122"]
[BlackFideId "2824383"]
[WhiteElo "2625"]
[BlackElo "2237"]
[Result "1-0"]
[Round "05"]
[TimeControl "180+1"]
[Date "2022.11.30"]
[WhiteClock "0:00:20"]
[BlackClock "0:00:02"]

1. e4 c5 2. Nf3 d6 3. d4 cxd4 4. Nxd4 Nf6 5. Nc3 g6 6. Be3 Bg7 7. f3 O-O 8. Qd2 Nc6 9. O-O-O d5 10. Nxc6 bxc6 11. Bh6 Be6 12. exd5 cxd5 13. Bxg7 Kxg7 14. g4 Qa5 15. g5 Nh5 16. Qd4+ Kg8 17. Nxd5 Bxd5 18. Qxd5 Qb6 19. Qd4 Qa5 20. Qd5 Qb6 21. Qb3 Qa5 22. h4 Rab8 23. Qd5 Qb6 24. Qd4 Qa5 25. Bc4 e6 26. Bb3 Rfd8 27. Qe3 Rdc8 28. Kb1 Qc7 29. Rd2 a5 30. Rhd1 Qc6 31. Rd6 Qc7 32. Rd7 Qc6 33. R1d6 Qb5 34. a4 Qb4 35. Rxe6 Qxh4 36. Ree7 Rxb3 37. Qxb3 Qe1+ 38. Rxe1 1-0


[Site "https://www.chess.com"]

[Event "Titled Tuesday Blitz November 29 Early 2022"]
[White "Jakubowski, Krzysztof"]
[Black "Abasov, Nijat"]
[WhiteFideId "1112848"]
[BlackFideId "13402960"]
[WhiteElo "2654"]
[BlackElo "2954"]
[Result "0-1"]
[Round "05"]
[TimeControl "180+1"]
[Date "2022.11.30"]
[WhiteClock "0:00:03"]
[BlackClock "0:00:24"]

1. e4 c5 2. Nf3 e6 3. d4 cxd4 4. Nxd4 Nc6 5. Nc3 Nf6 6. Ndb5 Bc5 7. Bf4 O-O 8. Bc7 Qe7 9. Bd6 Bxd6 10. Qxd6 Qd8 11. O-O-O a6 12. Nd4 Ne7 13. Qg3 d6 14. f4 Qc7 15. e5 Nfd5 16. Nxd5 Nxd5 17. h4 b5 18. h5 h6 19. Rh4 dxe5 20. fxe5 f5 21. Be2 f4 22. Qg6 Qxe5 23. Bd3 Nf6 24. Rg4 Ra7 25. Nc6 Qe3+ 26. Kb1 Rc7 27. a3 e5 28. Bf5 Bxf5 29. Qxf5 Nxg4 30. Qe6+ Kh8 31. Ne7 Rxe7 32. Qxe7 Rg8 33. Qe6 Nf6 0-1


[Site "https://www.chess.com"]

[Event "Titled Tuesday Blitz November 29 Early 2022"]
[White "Jimenez Almeida, Luis David"]
[Black "Cramling Bellon, Anna"]
[WhiteFideId "22242244"]
[BlackFideId "32009232"]
[WhiteElo "2158"]
[BlackElo "1972"]
[Result "1-0"]
[Round "05"]
[TimeControl "180+1"]
[Date "2022.11.30"]
[WhiteClock "0:00:13"]
[BlackClock "0:00:02"]

1. e4 c5 2. Nc3 Nc6 3. g3 g6 4. Bg2 Bg7 5. d3 e5 6. Be3 d6 7. Qd2 Nge7 8. Nge2 O-O 9. Nd5 Nxd5 10. exd5 Nd4 11. c3 Bh3 12. O-O Nxe2+ 13. Qxe2 Bxg2 14. Kxg2 f5 15. f4 exf4 16. Bxf4 Re8 17. Qd2 Qe7 18. Rae1 Qf7 19. c4 Qd7 20. b4 b6 21. h4 a5 22. bxc5 bxc5 23. Rb1 Rab8 24. Qxa5 Rxb1 25. Rxb1 Re2+ 26. Kf1 Qe7 27. Rb8+ Kf7 28. Ra8 Bd4 29. Be3 Rxe3 30. Ra7 Rf3+ 31. Kg2 Rf2+ 32. Kh3 Qxa7 33. Qxa7+ Kf6 34. Qxh7 f4 35. gxf4 Rf3+ 36. Kg4 Rxd3 37. Qh8+ Kf7 38. Qh7+ Kf8 39. Qd7 Rd1 40. Qxd6+ Kg7 41. Qe7+ Kh6 42. d6 Rg1+ 43. Kf3 Rf1+ 44. Kg2 Rg1+ 45. Kh2 Rf1 46. d7 Rf2+ 47. Kg3 1-0


[Site "https://www.chess.com"]